Workbook
Name Arial: #REF!

Sheet PRESUPUESTO GENERAL
A1: REPÚBLICA DE COLOMBIA DEPARTAMENTO DEL PUTUMAYO MUNICIPIO PUERTO ASÍS ALCALDÍA MUNICIPAL
A2: PRESUPUESTO GENERAL
A3: NOMBRE DEL PROYECTO | C3: IMPLEMENTACIÓN DE ACCIONES PARA LA PROTECCIÓN Y BIENESTAR ANIMAL EN EL MUNICIPIO DE PUERTO ASÍS, PUTUMAYO.
A5: No. | B5: Descripción Actividad | D5: Unidad de medida | E5: Cantidad | F5: Valor Unitario | G5: Valor total
A6: 1 | B6: Suministrar vehículos moto cargueros como sustitución de vehiculos de tracción animal | D6: Vehiculo | E6: 9 | F6: ='APU1'!G29 -> 28650000 | G6: =F6*E6 -> 257850000
A7: TOTAL | G7: =SUM(G6:G6) -> 257850000
B11: Aprobó
B12: __________________________________________
B13: CARLOS ORLANDO LINARES BURGOS
B14: Secretaria de Gobierno Municipal
B18: Revisó | C18: Carlos Orlando Linares Burgos - Secretario de Gobierno Municipal
B19: Elaboró | C19: Janeth Mora Benavides - Apoyo a la Secretaria de Gobierno seguimiento de Proyectos
B20: Los arriba firmantes declaramos que hemos realizado el presente documento y los hemos encontrado ajustado a las normas y disposiciones legales y/o técnicas vigentes y por tanto, bajo nuestra responsabilidad lo presentamos para firmar.

Sheet APU1
B2: REPÚBLICA DE COLOMBIA DEPARTAMENTO DEL PUTUMAYO MUNICIPIO PUERTO ASÍS ALCALDÍA MUNICIPAL
B3: NOMBRE DEL PROYECTO | C3: =+'PRESUPUESTO GENERAL'!C3 -> IMPLEMENTACIÓN DE ACCIONES PARA LA PROTECCIÓN Y BIENESTAR ANIMAL EN EL MUNICIPIO DE PUERTO ASÍS, PUTUMAYO.
B4: ítem | C4: =+'PRESUPUESTO GENERAL'!B6 -> Suministrar vehículos moto cargueros como sustitución de vehiculos de tracción animal
B5: I. MATERIALES
B6: Descripción | D6: Unidad | E6: Cantidad | F6: Valor Unitario | G6: Valor total
G7: =F7*E7 -> 0
G8: =F8*E8 -> 0
B10: Sub- Total | G10: =SUM(G7:G8) -> 0
B11: II. GASTOS LOGISTICOS
B12: Descripción | D12: Unidad | E12: Cantidad | F12: Valor Unitario | G12: Valor total
B13: Sub- Total
B14: III. HERRAMIENTAS Y EQUIPOS
B15: Descripción | D15: Unidad | E15: Cantidad | F15: Valor Unitario | G15: Valor total
B16: TIPO DE VEHICULO: tipo Motocarro con capacidad de carga de 500Kg MODELO: Nuevo, no inferior al año de entrega. CILINDRADA: (motor convencional) Mínimo 197cc, denominación comercial. COMBUSTIBLE: Gasolina corriente SiSTEMA DE ENCENDIDO :CDI REFRIGERACION: Aceite TRANSMISIÓN: Mecánica de 5 marchas + Booster POTENCIA MÁXIMA: 13.4 Hp - 7500 rpm TORQUE MÁXIMO: 1304 Nm – 6500 rpm SUSPENSIÓN DELANTERA: telescópica hidráulica SUSPENSIÓN TRASERA: muelles 7 hojas reforzadas FRENO DELANTERO: Disco FRENO TRASERO: Campana RINES: 3.00x12 LLANTA TRASERA: 4.50-R12 LLANTA DELANTERA: 4.50-R12 PESO: 380Kg | D16: Vehiculo | E16: 1 | F16: 25250000 | G16: =F16*E16 -> 25250000
B17: Sub- Total | G17: =SUM(G16:G16) -> 25250000
B18: IV. TRANSPORTE
B19: Descripción | D19: Unidad | E19: Cantidad | F19: Valor Unitario | G19: Valor total
B22: V. MANO DE OBRA
B23: Descripción | D23: Unidad | E23: Cantidad | F23: Valor Unitario | G23: Valor total
B24: Adquirir documentos indispensables para la circulación legal: Matrícula inicial, placas, Seguro Obligatorio de Accidentes de Tránsito (SOAT) y financiación del trámite de licenciamiento de conducción en la categoría requerida según la homologación del vehículo ante el Ministerio de Transporte para los nueve (9) beneficiarios del programa | D24: Servicio | E24: 1 | F24: 3400000 | G24: =F24*E24 -> 3400000
B26: Sub- Total | G26: =G24 -> 3400000
B29: VALOR TOTAL ACTIVIDAD | G29: =G10+G13+G17+G26 -> 28650000

Sheet ANALISIS DE COTIZACIONES
F3: ANALISIS DE LAS COTIZACIONES RECIBIDAS | I3: PROMEDIO
F4: Cotización No. 01 SSI SOLUCIONES S.A.S | G4: Cotización No. 02 LEGAL CONSULTORES | H4: Cotización No. 03 MOTOS ARVAR
B5: ITEM | C5: DETALLE DEL PRODUCTO | D5: UNIDAD | E5: CANT | F5: V/R UNIT CON IVA | G5: V/R UNIT CON IVA | H5: V/R UNIT CON IVA | I5: V/R UNIT IVA INCLUIDO | K5: ITEM | L5: DETALLE DEL PRODUCTO | M5: UNIDAD | N5: CANT | O5: V/R UNT | P5: V/R TOTAL
B6: 1 | C6: TIPO DE VEHICULO: tipo Motocarro con capacidad de carga de 500Kg MODELO: Nuevo, no inferior al año de entrega. CILINDRADA: (motor convencional) Mínimo 197cc, denominación comercial. COMBUSTIBLE: Gasolina corriente SiSTEMA DE ENCENDIDO :CDI REFRIGERACION: Aceite TRANSMISIÓN: Mecánica de 5 marchas + Booster POTENCIA MÁXIMA: 13.4 Hp - 7500 rpm TORQUE MÁXIMO: 1304 Nm – 6500 rpm SUSPENSIÓN DELANTERA: telescópica hidráulica SUSPENSIÓN TRASERA: muelles 7 hojas reforzadas FRENO DELANTERO: Disco FRENO TRASERO: Campana RINES: 3.00x12 LLANTA TRASERA: 4.50-R12 LLANTA DELANTERA: 4.50-R12 PESO: 380Kg | D6: Vehiculo | E6: 1 | F6: 25300000 | G6: 25700000 | H6: 24750000 | I6: =ROUND(AVERAGE(F6,G6,H6),0) -> 25250000 | K6: 1 | L6: TIPO DE VEHICULO: tipo Motocarro con capacidad de carga de 500Kg MODELO: Nuevo, no inferior al año de entrega. CILINDRADA: (motor convencional) Mínimo 197cc, denominación comercial. COMBUSTIBLE: Gasolina corriente SiSTEMA DE ENCENDIDO :CDI REFRIGERACION: Aceite TRANSMISIÓN: Mecánica de 5 marchas + Booster POTENCIA MÁXIMA: 13.4 Hp - 7500 rpm TORQUE MÁXIMO: 1304 Nm – 6500 rpm SUSPENSIÓN DELANTERA: telescópica hidráulica SUSPENSIÓN TRASERA: muelles 7 hojas reforzadas FRENO DELANTERO: Disco FRENO TRASERO: Campana RINES: 3.00x12 LLANTA TRASERA: 4.50-R12 LLANTA DELANTERA: 4.50-R12 PESO: 380Kg | M6: Vehiculo | N6: 9 | O6: 25250000 | P6: =O6*N6 -> 227250000
B7: 2 | C7: Adquirir documentos indispensables para la circulación legal: Matrícula inicial, placas, Seguro Obligatorio de Accidentes de Tránsito (SOAT) y financiación del trámite de licenciamiento de conducción en la categoría requerida según la homologación del vehículo ante el Ministerio de Transporte para los nueve (9) beneficiarios del programa | D7: Servicio | E7: 1 | F7: 3400000 | G7: 3450000 | H7: 3350000 | I7: =ROUND(AVERAGE(F7,G7,H7),0) -> 3400000 | K7: 2 | L7: Adquirir documentos indispensables para la circulación legal: Matrícula inicial, placas, Seguro Obligatorio de Accidentes de Tránsito (SOAT) y financiación del trámite de licenciamiento de conducción en la categoría requerida según la homologación del vehículo ante el Ministerio de Transporte para los nueve (9) beneficiarios del programa | M7: Servicio | N7: 9 | O7: 3400000 | P7: =O7*N7 -> 30600000
D8: TOTAL | F8: =SUM(F6:F7) -> 28700000 | G8: =SUM(G6:G7) -> 29150000 | H8: =SUM(H6:H7) -> 28100000 | I8: =SUM(I6:I7) -> 28650000 | L8: TOTAL | O8: =SUM(O6:O7) -> 28650000 | P8: =SUM(P6:P7) -> 257850000
C11: Aprobó
C12: __________________________________________
C13: CARLOS ORLANDO LINARES BURGOS
C14: Secretaria de Gobierno Municipal
C18: Revisó | D18: Carlos Orlando Linares Burgos - Secretario de Gobierno Municipal
C19: Elaboró | D19: Fernanda Lorena Bastidas Arias - Apoyo Administrativo SGM
C20: Los arriba firmantes declaramos que hemos realizado el presente documento y los hemos encontrado ajustado a las normas y disposiciones legales y/o técnicas vigentes y por tanto, bajo nuestra responsabilidad lo presentamos para firmar.

Sheet CRONOGRAMA
A1: REPÚBLICA DE COLOMBIA DEPARTAMENTO DEL PUTUMAYO MUNICIPIO PUERTO ASÍS ALCALDÍA MUNICIPAL
A2: CRONOGRAMA DE ACTIVIDADES
A3: NOMBRE DEL PROYECTO | C3: =+'PRESUPUESTO GENERAL'!C3 -> IMPLEMENTACIÓN DE ACCIONES PARA LA PROTECCIÓN Y BIENESTAR ANIMAL EN EL MUNICIPIO DE PUERTO ASÍS, PUTUMAYO.
A4: No. | B4: Descripción Actividad | D4: Tiempo de ejecución
D5: MES 1 | E5: MES 2
A6: 1 | B6: =+'PRESUPUESTO GENERAL'!B6 -> Suministrar vehículos moto cargueros como sustitución de vehiculos de tracción animal | D6: X | E6: X
B7: Aprobó
B8: __________________________________________
B9: CARLOS ORLANDO LINARES BURGOS
B10: Secretaria de Gobierno Municipal
B14: Revisó | C14: Carlos Orlando Linares Burgos - Secretario de Gobierno Municipal
B15: Elaboró | C15: Fernanda Lorena Bastidas Arias - Apoyo Administrativo SGM
B16: Los arriba firmantes declaramos que hemos realizado el presente documento y los hemos encontrado ajustado a las normas y disposiciones legales y/o técnicas vigentes y por tanto, bajo nuestra responsabilidad lo presentamos para firmar.
